 Dungeon Crawl Stone Soup version 0.24-a0-244-ga6a6ab7d13 (webtiles) character file.

Game seed: 11402818802510057540

173 kirsanium the Sneak (level 5, -3/31 HPs)
             Began as an Octopode Fire Elementalist on Apr 11, 2019.
             Slain by an orc wizard
             ... wielding a +0 short sword
              (7 damage)
             ... on level 3 of the Dungeon.
             The game lasted 00:07:33 (2968 turns).

kirsanium the Sneak (Octopode Fire Elementalist)    Turns: 2968, Time: 00:07:34

Health: -3/31      AC:  1    Str:  7    XL:     5   Next: 53%
Magic:  5/8        EV: 13    Int: 19    God:
Gold:   23         SH:  0    Dex: 12    Spells: 5/9 levels left

rFire    . . .     SeeInvis .   l - +2 short sword (venom)
rCold    . . .     Gourm    .   (no shield)
rNeg     . . .     Faith    .   (helmet restricted)
rPois    .         Spirit   .   (no amulet)
rElec    .         Reflect  .   (no ring)
rCorr    .         Harm     .   (no ring)
MR       .....                  (no ring)
Stlth    ++++......             (no ring)
HPRegen  0.10/turn              (no ring)
MPRegen  0.11/turn              (no ring)
                                (no ring)
                                (no ring)

@: lethally poisoned (-3 -> -4)
A: almost no armour, stealthy swim, amphibious, 8 rings, constrict 8, camouflage
1, gelatinous body 1
a: no special abilities


You were on level 3 of the Dungeon.
You were not hungry.

You visited 1 branch of the dungeon, and saw 3 of its levels.

You collected 23 gold pieces.

Inventory:

Hand Weapons
 l - a +2 short sword of venom (weapon)
Scrolls
 d - a scroll of immolation {unknown}
 e - a scroll of random uselessness {unknown}
 f - a scroll of remove curse {unknown}
 h - a scroll of fear {unknown}
 j - 2 scrolls of identify {unknown}
Potions
 c - 3 potions of mutation {unknown}
 g - 2 potions of flight {unknown}
 i - a potion of might {unknown}
 k - a potion of degeneration {unknown}
Comestibles
 a - 2 chunks of flesh
 b - 2 rations


   Skills:
 - Level 2.0 Dodging
 * Level 4.3 Stealth
 + Level 2.6 Spellcasting
 * Level 3.0 Conjurations
 * Level 4.1 Fire Magic


You had 5 spell levels left.
You knew the following spells:

 Your Spells              Type           Power        Failure   Level  Hunger
a - Flame Tongue          Conj/Fire      ###..        3%          1    None
b - Conjure Flame         Conj/Fire      ###.....     11%         3    ###....

Your spell library contained the following spells:

 Spells                   Type           Power        Failure   Level  Hunger
 Throw Flame              Conj/Fire      ###...       5%          2    ##.....
 Inner Flame              Hex/Fire       ##......     21%         3    ###....
 Sticky Flame             Conj/Fire      ###.....     34%         4    ####...
 Fireball                 Conj/Fire      ###.......   69%         5    ######.


Dungeon Overview and Level Annotations

Branches:
Dungeon (3/15)

Altars:
Cheibriados
Xom

Annotations:
D:2 Sigmund


Innate Abilities, Weirdness & Mutations

You cannot wear most types of armour.
You are very stealthy in the water. (Stealth+)
You are amphibious.
You can wear up to eight rings at the same time.
You can use your tentacles to constrict eight enemies at once.
Your skin changes colour to match your surroundings (Stealth+).
Your rubbery body absorbs attacks. (AC +1, EV +1)


Message History

The orc is lightly wounded.
You constrict the orc, but do no damage.
The orc throws a stone.
The stone misses you. The orc hits you.
* * * LOW HITPOINT WARNING * * *
You release your grip on the orc.
You feel sick. The frilled lizard closely misses you.
You hit the frilled lizard.
You kill the frilled lizard!
You barely miss the orc. Your grab misses the orc.
The orc is almost dead.
You kill the orc!
You closely miss the orc wizard. Your grab misses the orc wizard.
You feel sick.
The orc wizard hits you with a +0 short sword.
* * * LOW HITPOINT WARNING * * *
You hit the orc wizard but do no damage.
The orc wizard is poisoned.
Your grab misses the orc wizard. The orc wizard barely misses you.
The orc wizard hits you with a +0 short sword!
You die...

#####.......
g.........
.l...o..
...... ....
!.###
#######.#.#
#(...@oo..#
#.#####(#.#
.......<# #
.######.#
... ##.##
#.# #.# #..


You could see an orc wizard and an orc.

Vanquished Creatures
  6 adders
  3 gnolls (D:2)
  An ooze (D:3)
  4 worms (D:2)
  3 dart slugs
  3 leopard geckos
  3 orcs (D:3)
  3 bats
  6 giant cockroaches
  7 goblins
  8 hobgoblins
  A quokka (D:2)
  2 ball pythons (D:1)
  5 frilled lizards
  5 kobolds
  7 rats
67 creatures vanquished.

Notes
Turn   | Place    | Note
-------+----------+-------------------------------------------
     0 | D:1      | kirsanium the Octopode Fire Elementalist began the quest
                  | for the Orb.
     0 | D:1      | Reached XP level 1. HP: 11/11 MP: 3/3
   322 | D:1      | Reached XP level 2. HP: 14/17 MP: 5/5
   909 | D:1      | Reached XP level 3. HP: 20/21 MP: 0/6
   969 | D:1      | Learned a level 3 spell: Conjure Flame
  1239 | D:2      | Noticed Sigmund
  1316 | D:2      | Found a snail-covered altar of Cheibriados.
  1413 | D:2      | Reached XP level 4. HP: 27/27 MP: 2/7
  2289 | D:2      | Reached XP level 5. HP: 25/31 MP: 1/8
  2736 | D:2      | Found a shimmering altar of Xom.
  2968 | D:3      | Slain by an orc wizard

Levels and vault maps discovered:
D:1:      psy_arrival_basics, layout_basic
D:2:      layout_basic, lemuel_coloured_pillars_altar, kennysheep_slug_shrine,
          uniq_sigmund
D:3:      layout_basic, lightli_sewer_entry_pipes, grunt_ministairs_2

Skill      XL: |  1  2  3  4  5 |
---------------+----------------+-----
Conjurations   | 2 3 |  3.0
Stealth        | 3 4 |  4.3
Fire Magic     | 4 |  4.1
Dodging        | |  2.0
Spellcasting   | |  2.6

Action                   |  1- 3 |  4- 6 || total
-------------------------+-------+-------++-------
Melee: Unarmed           |     8 |       ||     8
       Constrict         |     9 |    14 ||    23
       Dagger            |    25 |       ||    25
       Tentacles         |     4 |     9 ||    13
       Short sword       |       |    52 ||    52
 Cast: Flame Tongue      |    33 |    27 ||    60
 Stab: Sleeping          |     4 |     2 ||     6
       Distracted        |       |     1 ||     1
  Eat: Chunk             |     2 |     5 ||     7
Armor: Skin              |     2 |     4 ||     6
Dodge: Dodged            |    16 |    28 ||    44

Table legend:
 A = Non-vault XP
 B = Vault XP
 C = Vault XP percentage of total XP
 D = Non-vault monster count
 E = Vault monster count
 F = Vault count percentage of total count
                 A         B        C        D         E       F
            +---------+---------+-------+---------+---------+-------
      Total |     244 |       4 |   1.6 |      66 |       1 |   1.5
            +---------+---------+-------+---------+---------+-------
        D:1 |      39 |       0 |   0.0 |      24 |       0 |   0.0
        D:2 |     170 |       4 |   2.3 |      33 |       1 |   2.9
        D:3 |      35 |       0 |   0.0 |       9 |       0 |   0.0
            +---------+---------+-------+---------+---------+-------
